 Dungeon Crawl Stone Soup version 0.22.1-2-g9c5b331383 (webtiles) character file.

35657 Forgol the Severer (level 13, -3/122 HPs)
             Began as a Deep Dwarf Berserker on Dec 20, 2018.
             Was an Elder of Trog.
             Slain by an 18-headed hydra (6 damage)
             ... on level 6 of the Lair of Beasts on Dec 21, 2018.
             The game lasted 01:37:01 (14415 turns).

Forgol the Severer (Deep Dwarf Berserker)          Turns: 14415, Time: 01:37:02

Health: -3/122     AC: 20    Str: 26    XL:     13   Next: 48%
Magic:  1/1        EV: 14    Int:  8    God:    Trog [****..]
Gold:   590        SH: 16    Dex: 12    Spells: 12/12 levels left

rFire    . . .     SeeInvis +   M - +1 war axe (antimagic)
rCold    . . .     Gourm    .   Z - +3 shield "Fueprixt" {Stlth+}
rNeg     . . .     Faith    +   E - +5 chain mail {rPois}
rPois    +         Spirit   .   K - +0 helmet
rElec    .         Reflect  .   y - scarf {repulsion}
rCorr    .         Harm     .   f - +1 pair of gloves
MR       +....                  (no boots)
Stlth    ..........             D - amulet of faith
HPRegen  0.00/turn              k - +3 ring of evasion
MPRegen  0.07/turn              n - ring of see invisible

@: berserk cooldown, non-regenerating, slowed, repel missiles, very slow
A: damage resistance, heal wounds, sense surroundings 2, no regeneration
a: Heal Wounds, Berserk, Trog's Hand, Brothers in Arms, Renounce Religion


You were on level 6 of the Lair of Beasts.
You worshipped Trog.
Trog was greatly pleased with you.
You were hungry.

You visited 3 branches of the dungeon, and saw 18 of its levels.

You collected 895 gold pieces.
You spent 305 gold pieces at shops.

Inventory:

Hand Weapons
 M - a +1 antimagic war axe (weapon)
 Q - a +6 battleaxe of venom
 U - the +7 glaive of Crawling {freeze, Str+4 SInv, unknown}
   (You found it on level 2 of the Lair of Beasts)

   It has been specially enchanted to freeze those struck by it, causing extra
   injury to most foes and up to half again as much damage against particularly
   susceptible opponents.
   It can also slow down cold-blooded creatures.
   It affects your strength (+4).
   It lets you see invisible.
Armour
 f - a +1 pair of gloves (worn)
 g - a +3 shield
 y - a scarf of repulsion (worn)
 E - a +5 chain mail of poison resistance (worn)
 K - a +0 helmet (worn)
 Z - the +3 shield "Fueprixt" (worn) {Stlth+}
   (You found it on level 6 of the Lair of Beasts)

   It makes you more stealthy.
Jewellery
 a - a +4 ring of intelligence {unknown}
 k - a +3 ring of evasion (left hand)
 n - a ring of see invisible (right hand)
 q - an uncursed ring of resist corrosion
 z - an uncursed ring of protection from magic {unknown}
 B - a +4 ring of evasion
 D - an amulet of faith (around neck)
 N - a cursed amulet of inaccuracy
 O - an uncursed amulet of magic regeneration
 P - an uncursed ring of magical power {unknown}
 Y - an uncursed ring of protection from fire {unknown}
Wands
 u - a wand of digging (10)
 w - a wand of disintegration (19)
 x - a wand of iceblast (10)
 C - a wand of paralysis (19)
 G - a wand of enslavement (10)
 R - a wand of random effects (9)
 V - a wand of polymorph (33)
 W - a wand of flame (11)
Scrolls
 d - 6 scrolls of identify
 e - 4 scrolls of blinking
 j - 3 scrolls of magic mapping
 l - 5 scrolls of teleportation
 m - a scroll of brand weapon {unknown}
 s - a scroll of fear {unknown}
 t - 2 scrolls of fog {unknown}
 F - 7 scrolls of amnesia
 I - 3 scrolls of remove curse
 L - 3 scrolls of enchant weapon {unknown}
 S - 2 scrolls of random uselessness {unknown}
 T - a scroll of summoning {unknown}
Potions
 b - 2 potions of lignification {unknown}
 h - 2 potions of resistance {unknown}
 i - 7 potions of heal wounds
 o - 2 potions of haste {unknown}
 p - 3 potions of mutation
 r - 7 potions of curing
 v - a potion of degeneration {unknown}
 A - 2 potions of flight {unknown}
 H - 4 potions of might {unknown}
 J - a potion of berserk rage {unknown}
Comestibles
 c - 24 rations
 X - 26 chunks of flesh


   Skills:
 + Level 9.7 Fighting
 + Level 15.8 Axes
 + Level 9.1 Armour
 + Level 7.9 Dodging
 + Level 3.8 Stealth
 + Level 11.2 Shields


You had 12 spell levels left.
You didn't know any spells.
Your spell library was empty.

Dungeon Overview and Level Annotations

Branches:
Dungeon (11/15)            Temple (0/1) D:6            Lair (6/6) D:11
  Swamp (0/4) Lair:2        Snake (0/4) Lair:4          Orc (1/2) D:11
  Slime: Lair:5-6

Altars:
Ashenzari
Gozag
Hepliaklqana
Kikubaaqudgha
Makhleb
Okawaru
Qazlal
Sif Muna
Trog
Uskayaw
Yredelemnul
Zin
The Shining One

Shops:
D:9 *

Annotations:
D:6 3 runed doors, Peloso's ghost, novice MiFi
Lair:3 1 runed door, Forgol's ghost, journeyman TrBe
Lair:5 exclusion: 2 oklob plants
Orc:1 Nergalle


Innate Abilities, Weirdness & Mutations

You are resistant to damage.
You can heal yourself by infusing magical energy.
You passively map the area around you.
You do not regenerate.


Message History

You block the 18-headed hydra's attack. The 18-headed hydra bites you.
* * * LOW HITPOINT WARNING * * *
The 18-headed hydra barely misses you.
The 18-headed hydra bites you but does no damage. x2
The 18-headed hydra bites you. The hornet closely misses you.
The 18-headed hydra bites you but does no damage.
You block the 18-headed hydra's attack.
The 18-headed hydra bites you but does no damage.
The 18-headed hydra completely misses you.
The 18-headed hydra bites you but does no damage. x3
The 18-headed hydra barely misses you.
The 18-headed hydra bites you but does no damage.
You block the 18-headed hydra's attack.
The 18-headed hydra bites you but does no damage. x2
The 18-headed hydra bites you!
* * * LOW HITPOINT WARNING * * *
You block the 18-headed hydra's attack.
The 18-headed hydra bites you but does no damage.
The 18-headed hydra closely misses you. The 18-headed hydra bites you!
You die...

.........# ..#
.........#####.# ## ,
..........##...##.# ,
............<....##
..........†.÷.....# ,
≈.................#
,..................##
≈
≈≈..................#
≈≈............@......#
, ............Dy....##
≈ ,≈................##
≈ ..............### ≈≈
, .........#.# *,≈ ,,
.....(.....# ≈*
#............##
,..............# ≈
............†..##


You could see a 18-headed hydra and a hornet.

Vanquished Creatures
  3 hydras (Lair:4)
  The ghost of Chudej the Thaumaturge, a journeyman DECj of Sif Muna (Lair:2)
  A two-headed ogre (D:8)
  A death knight (D:11)
  An unseen horror (D:10)
  Pikel (D:4)
  An ugly thing (D:11)
  11 elephants
  A torpor snail (Lair:5)
  A centaur skeleton (D:11)
  3 black mambas
  5 spiny frogs
  8 komodo dragons
  4 rime drakes
  3 hornets
  2 polar bears (Lair:3)
  8 blink frogs
  A dream sheep (Lair:1)
  2 bog bodies (Lair:2)
  8 hippogriffs
  A spriggan (D:7)
  24 yaks
  A shadow (D:11)
  2 wyverns
  4 basilisks
  Grum (D:9)
  A hungry ghost (D:11)
  4 vampire mosquitoes (Lair:3)
  3 swamp worms (Lair:2)
  5 insubstantial wisps (Lair:3)
  14 water moccasins
  9 porcupines
  3 ice beasts
  2 sky beasts (D:11)
  5 orc warriors
  2 black bears
  A slave (D:4)
  A swamp drake (D:11)
  5 phantoms
  5 ogres
  4 wolves
  7 centaurs
  11 crocodiles
  3 big kobolds
  12 bullfrogs
  4 scorpions
  A wyvern skeleton (D:6)
  11 killer bees
  7 wights
  2 howler monkeys
  An electric eel (Lair:2)
  2 centaur zombies
  A bullfrog zombie (D:6)
  2 crimson imps
  5 orc priests
  7 hounds
  4 jellies
  11 orc wizards
  3 bullfrog skeletons
  6 iguanas
  5 worker ants
  A hound zombie (D:9)
  A hound skeleton (D:6)
  A howler monkey zombie (D:5)
  A worker ant zombie (D:10)
  9 adders
  3 shadow imps
  An ooze (D:5)
  An adder skeleton (D:4)
  5 worms
  2 dart slugs
  5 leopard geckos
  40 orcs
  7 giant cockroaches
  4 hobgoblins
  8 jackals
  8 quokkas
  A ball python (D:3)
  6 bats
  6 frilled lizards
  8 goblins
  A jackal zombie (D:6)
  24 kobolds
  A quokka skeleton (D:5)
  10 rats
  2 fungi
  2 plants
426 creatures vanquished.

Vanquished Creatures (collateral kills)
  A hydra (Lair:2)
  A basilisk (Lair:4)
2 creatures vanquished.

Vanquished Creatures (others)
  A hobgoblin (D:2)
  A quokka skeleton (D:4)
  2 fungi (Lair:6)
  8 plants
12 creatures vanquished.

Grand Total: 440 creatures vanquished

Notes
Turn   | Place    | Note
-------+----------+-------------------------------------------
     0 | D:1      | Forgol the Deep Dwarf Berserker began the quest for the
                  | Orb.
     0 | D:1      | Reached XP level 1. HP: 20/20 MP: 1/1
   116 | D:1      | Reached XP level 2. HP: 25/27 MP: 2/2
   545 | D:2      | Found an ancient bone altar of Kikubaaqudgha.
   678 | D:2      | Reached ** piety under Trog
   678 | D:2      | Reached XP level 3. HP: 29/34 MP: 3/3
   774 | D:2      | Reached skill level 1 in Stealth
   784 | D:2      | Reached skill level 4 in Axes
  1051 | D:2      | Noticed a scorpion
  1058 | D:2      | Killed a scorpion
  1058 | D:2      | Reached XP level 4. HP: 42/42 MP: 4/4
  1127 | D:2      | Found an iron altar of Okawaru.
  1301 | D:2      | Found a glowing silver altar of Zin.
  1499 | D:2      | You fall through a shaft!
  1538 | D:3      | Reached skill level 1 in Shields
  1561 | D:3      | Reached XP level 5. HP: 33/49 MP: 5/5
  1749 | D:3      | Reached skill level 5 in Axes
  2259 | D:4      | Reached *** piety under Trog
  2273 | D:4      | Noticed a slave
  2273 | D:4      | Noticed a slave
  2274 | D:4      | Noticed Pikel
  2327 | D:4      | Killed a slave
  2411 | D:4      | Reached XP level 6. HP: 53/56 MP: 5/5
  2542 | D:4      | Noticed a slave
  2543 | D:4      | Noticed a slave
  2580 | D:4      | Killed Pikel
  2580 | D:4      | Reached skill level 6 in Axes
  2580 | D:4      | Reached XP level 7. HP: 64/64 MP: 6/6
  2623 | D:4      | Found a stormy altar of Qazlal.
  2992 | D:5      | Entered Level 5 of the Dungeon
  3280 | D:5      | Found a glowing golden altar of the Shining One.
  3550 | D:5      | Reached skill level 7 in Axes
  3663 | D:5      | Noticed a moth of wrath
  3666 | D:5      | Found a bloodstained altar of Trog.
  3936 | D:6      | Found a burning altar of Makhleb.
  3963 | D:6      | Reached XP level 8. HP: 66/72 MP: 7/7
  4010 | D:6      | Found a runed gate.
  4013 | D:6      | Found a runed gate.
  4013 | D:6      | Found a runed gate.
  4018 | D:6      | Noticed a raiju
  4019 | D:6      | Found an opulent altar of Gozag.
  4019 | D:6      | Noticed Peloso's ghost (novice MiFi)
  4124 | D:6      | Noticed a spiny frog
  4217 | D:6      | Found a transporter.
  4223 | D:6      | Found an opulent altar of Gozag.
  4241 | D:6      | Found a transporter.
  4374 | D:6      | Reached skill level 5 in Shields
  4436 | D:6      | Reached skill level 5 in Dodging
  4437 | D:6      | Found a staircase to the Ecumenical Temple.
  4462 | D:6      | Reached skill level 8 in Axes
  4484 | D:6      | Reached **** piety under Trog
  4791 | D:7      | Gained mutation: You passively map the area around you.
                  | [Deep Dwarf growth]
  4791 | D:7      | Reached XP level 9. HP: 79/79 MP: 7/7
  5025 | D:7      | Reached skill level 9 in Axes
  5074 | D:7      | Reached skill level 5 in Fighting
  5165 | D:7      | Reached ***** piety under Trog
  5169 | D:7      | Found a hazy altar of Hepliaklqana.
  5344 | D:7      | Found a deep blue altar of Sif Muna.
  6078 | D:8      | Noticed a two-headed ogre
  6097 | D:8      | Killed a two-headed ogre
  6097 | D:8      | Reached skill level 10 in Axes
  6097 | D:8      | Reached skill level 5 in Armour
  6097 | D:8      | Reached XP level 10. HP: 91/91 MP: 7/7
  6194 | D:8      | Found a hide-covered altar of Uskayaw.
  6194 | D:8      | Found a basalt altar of Yredelemnul.
  6319 | D:9      | Noticed Grum
  6408 | D:9      | Found Toaxuupn's General Store.
  6411 | D:9      | Bought a +3 chain mail of poison resistance for 305 gold
                  | pieces
  6727 | D:9      | Killed Grum
  6785 | D:9      | Found a shattered altar of Ashenzari.
  7358 | D:10     | Entered Level 10 of the Dungeon
  7401 | D:10     | Noticed an unseen horror
  7443 | D:10     | Killed an unseen horror
  7514 | D:10     | Received a gift from Trog
  7751 | D:10     | Reached skill level 11 in Axes
  8180 | D:10     | Reached XP level 11. HP: 99/99 MP: 2/8
  8552 | D:11     | Noticed a death knight
  8620 | D:11     | Killed a death knight
  8713 | D:11     | Found a staircase to the Lair.
  8753 | D:11     | Reached skill level 12 in Axes
  9050 | D:11     | Received a gift from Trog
  9176 | D:11     | Found a staircase to the Orcish Mines.
  9232 | D:11     | Noticed a purple ugly thing
  9254 | D:11     | Killed a purple ugly thing
  9254 | D:11     | Reached skill level 10 in Shields
  9417 | Orc:1    | Entered Level 1 of the Orcish Mines
  9417 | Orc:1    | Noticed Nergalle
  9492 | Lair:1   | Entered Level 1 of the Lair of Beasts
  9721 | Lair:1   | Reached skill level 13 in Axes
  9805 | Lair:1   | Received a gift from Trog
 10364 | Lair:2   | Found a large runed door.
 10365 | Lair:2   | Found a large runed door.
 10416 | Lair:2   | Reached XP level 12. HP: 92/110 MP: 2/8
 10740 | Lair:2   | Noticed Chudej's ghost (journeyman DECj)
 10759 | Lair:2   | Killed Chudej's ghost
 10762 | Lair:2   | Got an iridescent glaive
 10809 | Lair:2   | Noticed a five-headed hydra
 10819 | Lair:2   | Killed a five-headed hydra
 11289 | Lair:2   | Found a staircase to the Swamp.
 11597 | Lair:3   | Found a runed door.
 11608 | Lair:3   | Noticed Forgol's ghost (journeyman TrBe)
 11742 | Lair:3   | Reached skill level 14 in Axes
 12399 | Lair:4   | Found a shattered altar of Ashenzari.
 12401 | Lair:4   | Noticed a six-headed hydra
 12411 | Lair:4   | Killed a seven-headed hydra
 12532 | Lair:4   | Noticed a seven-headed hydra
 12545 | Lair:4   | Killed a 14-headed hydra
 12726 | Lair:4   | Found the +7 captain's cutlass {speed, disarm}
 12741 | Lair:4   | Reached skill level 15 in Axes
 12741 | Lair:4   | Reached XP level 13. HP: 76/120 MP: 8/8
 12781 | Lair:4   | Found a staircase to the Snake Pit.
 13405 | Lair:5   | Received a gift from Trog
 14201 | Lair:6   | Entered Level 6 of the Lair of Beasts
 14239 | Lair:6   | Got a faintly humming shield
 14259 | Lair:6   | Identified the +3 shield "Fueprixt" {Stlth+} (You found it
                  | on level 6 of the Lair of Beasts)
 14415 | Lair:6   | HP: 3/122 [18-headed hydra (9)]
 14415 | Lair:6   | Slain by an 18-headed hydra

Skill      XL: |  1  2  3  4  5  6  7  8  9 10 11 12 13 |
---------------+----------------------------------------+-----
Fighting       | 3 4 6 7 8 9 |  9.7
Stealth        | 1 2 3 |  3.8
Axes           | 4 5 6 7 8 10 11 13 15 | 15.8
Dodging        | 3 4 5 6 7 |  7.9
Shields        | 1 3 4 6 7 9 10 11 | 11.2
Armour         | 3 5 6 8 9 |  9.1

Action                   |  1- 3 |  4- 6 |  7- 9 | 10-12 | 13-15 || total
-------------------------+-------+-------+-------+-------+-------++-------
Melee: Hand axe          |    86 |   261 |   668 |   280 |       ||  1295
       War axe           |       |       |       |   553 |    71 ||   624
       Battleaxe         |       |       |       |   154 |    90 ||   244
Invok: Berserk           |     1 |     3 |     4 |     9 |     3 ||    20
       Trog's Hand       |       |       |     2 |    18 |     5 ||    25
       Brothers in Arms  |       |       |       |     4 |       ||     4
 Abil: Heal Wounds       |     1 |    10 |     5 |     9 |     8 ||    33
  Use: Scroll            |       |     7 |     8 |    10 |     2 ||    27
 Stab: Sleeping          |     1 |     6 |       |       |       ||     7
       Confused          |       |       |       |     1 |       ||     1
  Eat: Chunk             |       |     8 |    14 |    34 |     6 ||    62
       Ration            |       |       |     1 |     2 |     1 ||     4
Armor: Animal skin       |    16 |    28 |       |       |       ||    44
       Scale mail        |       |       |   118 |     3 |       ||   121
       Chain mail        |       |       |       |   249 |   146 ||   395
Dodge: Dodged            |    65 |   101 |   220 |   395 |   173 ||   954
       Deflected         |       |       |     3 |    13 |       ||    16
Block: Shield            |    30 |   140 |   386 |   546 |   123 ||  1225
